AoeStats
← serbia_warriors

Arabian Desert

509898022Analyzed
1v1 RM · 5d ago on Sep 28, 2026· 37m 40s· 2 players
Game mode
Random Map
Map size
Tiny (2 player)
Population
200
Speed
Normal
Resources
Standard
Victory
Conquest
Starting age
Dark Age
Ending age
Imperial Age
RankedLock teamsTeams togetherTeam positionsShared explorationLock speedFull tech treeHidden civsTurbo modeCheats
Victory
Defeat
🇯🇵 Saracens · Japan
1915
+16
🇫🇷 Varangians · France
1925
-16
serbia_warriors
5:33 Loom
10:10 Feudal Age
16:11 Double-Bit Axe
16:45 Fletching
23:26 Castle Age
24:02 Bodkin Arrow
23:28 Crossbowman
26:51 Ballistics
26:51 Padded Archer Armor
26:58 Horse Collar
30:06 Wheelbarrow
38:09 Imperial Age
37:11 Bow Saw
Rododino
3:14 Loom
15:09 Feudal Age
18:21 Bloodlines
20:13 Scale Barding Armor
21:30 Fletching
22:09 Double-Bit Axe
22:25 Horse Collar
24:37 Gold Mining
27:11 Castle Age
27:52 Forging
28:44 Chain Barding Armor
Connection lost

Rejoining the realm…

Still unreachable

The connection could not be restored.

Session expired

The server has moved on; the page needs a fresh start.